 Dungeon Crawl Stone Soup version 0.27.1-1-g398f81649c (webtiles) character file.

Game seed: 4972816015440997037

66588 boopmooplesden the Peltast (level 14, -7/129 HPs)
             Began as a Minotaur Fighter on Sept 7, 2021.
             Was the Champion of Okawaru.
             Killed by divine providence
             ... invoked by an orc priest
              (16 damage)
             ... on level 2 of the Orcish Mines.
             The game lasted 00:52:11 (20602 turns).

boopmooplesden the Peltast (Minotaur Fighter)      Turns: 20602, Time: 00:52:12

Health: -7/129     AC: 35    Str: 25    XL:     14   Next: 79%
Magic:  14/14      EV:  6    Int:  5    God:    Okawaru [******]
Gold:   2560       SH: 14    Dex: 11    Spells: 13/13 levels left

rFire    + + +     SeeInvis .   H - +7 demon trident of Dameis {flame, rF+}
rCold    + . .     Faith    .   c - +0 kite shield
rNeg     + . .     Spirit   .   x - +3 crystal plate armour
rPois    +         Reflect  .   (helmet restricted)
rElec    .         Harm     .   p - scarf {rC+ rF+}
rCorr    .         Rampage  .   L - +4 pair of gloves of Divine Compulsion {rN+}
Will     +....                  I - +2 pair of boots {Stlth+}
Stlth    ..........             (no amulet)
HPRegen  0.31/turn              r - ring of protection from fire
MPRegen  0.14/turn              F - ring of poison resistance

@: about to teleport
A: horns 2, retaliatory headbutt
a: Renounce Religion, Heroism, Finesse


You were on level 2 of the Orcish Mines.
You worshipped Okawaru.
Okawaru was exalted by your worship.
You visited 4 branches of the dungeon, and saw 19 of its levels.

You collected 2780 gold pieces.
You spent 220 gold pieces at shops.

Inventory:

Hand Weapons
 s - a +0 broad axe of flaming
 A - a +2 vorpal spear
 B - a +3 war axe of electrocution
 H - the +7 demon trident of Dameis (weapon) {flame, rF+}
   (You acquired it on level 8 of the Dungeon)

   It burns those it strikes, dealing additional fire damage.
   rF:        It protects you from fire.
 T - the +1 war axe "Transmigrator" {venom, Fly}
   (Okawaru gifted it to you on level 2 of the Lair of Beasts)

   It poisons the flesh of those it strikes.
   Fly:       It grants you flight.
Missiles
 C - 7 atropa-tipped darts
 U - 10 javelins (quivered)
Armour
 c - a +0 kite shield (worn)
 p - a scarf of resistance (worn)
 x - a +3 crystal plate armour (worn)
 I - a +2 pair of boots of stealth (worn)
 L - the +4 pair of gloves of Divine Compulsion (worn) {rN+}
   (You found it on level 8 of the Dungeon)

   rN:        It protects you from negative energy.
Jewellery
 a - a ring of fire
 d - a ring of flight
 m - a ring of protection from cold
 n - a ring of positive energy
 r - a ring of protection from fire (left hand)
 w - a ring of ice
 F - a ring of poison resistance (right hand)
 J - a ring of positive energy
 K - an amulet of magic regeneration
 Q - an amulet of reflection
 R - a ring of resist corrosion
Wands
 u - a wand of iceblast (12)
 y - a wand of paralysis (12)
 W - a wand of flame (15)
 X - a wand of polymorph (6)
 Y - a wand of acid (6)
Scrolls
 e - 7 scrolls of teleportation
 g - a scroll of holy word
 i - 2 scrolls of immolation
 l - 9 scrolls of identify
 D - 3 scrolls of fear
 E - 3 scrolls of fog
 N - 4 scrolls of enchant weapon {unknown}
 O - 4 scrolls of magic mapping
 Z - a scroll of brand weapon {unknown}
Potions
 f - a potion of degeneration {unknown}
 h - 4 potions of curing
 j - 5 potions of brilliance {unknown}
 k - 2 potions of magic {unknown}
 o - a potion of attraction {unknown}
 q - a potion of mutation {unknown}
 t - 2 potions of lignification {unknown}
 z - 9 potions of flight {unknown}
 G - a potion of might
 P - a potion of ambrosia {unknown}
Miscellaneous
 b - a lightning rod (1/4)
 v - a tin of tremorstones (2/2)
 M - a piece from Xom's chessboard (15/15)


   Skills:
 + Level 13.4 Fighting
 + Level 12.1(15.0) Axes
 + Level 14.8(16.3) Polearms
 + Level 2.6 Throwing
 + Level 13.9 Armour
 + Level 2.1 Dodging
 + Level 0.8 Stealth
 + Level 15.0 Shields
 + Level 2.0 Invocations
 + Level 0.5 Evocations


You had 13 spell levels left.
You didn't know any spells.
Your spell library contained the following spells:

 Spells                   Type           Power      Damage    Failure   Level
 Animate Skeleton         Necr           0%         N/A       100%        1
 Apportation              Tloc           0%         N/A       100%        1
 Corona                   Hex            0%         N/A       100%        1
 Foxfire                  Conj/Fire      0%         2x1d4     100%        1
 Magic Dart               Conj           0%         1d3       100%        1
 Summon Small Mammal      Summ           0%         N/A       100%        1
 Blink                    Tloc           N/A        N/A       100%        2
 Call Imp                 Summ           0%         N/A       100%        2
 Ensorcelled Hibernation  Hex/Ice        0%         N/A       100%        2
 Gell's Gravitas          Tloc           0%         N/A       100%        3
 Mephitic Cloud           Conj/Pois/Air  0%         N/A       100%        3
 Portal Projectile        Hex/Tloc       0%         N/A       100%        3
 Teleport Other           Tloc           0%         N/A       100%        3
 Tukima's Dance           Hex            0%         N/A       100%        3
 Animate Dead             Necr           0%         N/A       100%        4
 Blade Hands              Tmut           0%         N/A       100%        5
 Borgnjor's Vile Clutch   Necr/Erth      0%         N/A       100%        5
 Excruciating Wounds      Necr           0%         N/A       100%        5
 Manifold Assault         Tloc           0%         N/A       100%        5
 Summon Forest            Summ/Tloc      0%         N/A       100%        5
 Summon Mana Viper        Hex/Summ       0%         N/A       100%        5
 Death Channel            Necr           0%         N/A       100%        6
 Dispersal                Tloc           0%         N/A       100%        6
 Shadow Creatures         Summ           N/A        N/A       100%        6
 Starburst                Conj/Fire      0%         6d3       100%        6
 Storm Form               Tmut/Air       0%         N/A       100%        7
 Fire Storm               Conj/Fire      0%         5d1       100%        9


Dungeon Overview and Level Annotations

Branches:
Dungeon (10/15)            Temple (1/1) D:4            Lair (6/6) D:10
 Shoals (0/4) Lair:2       Spider (0/4) Lair:3          Orc (2/2) D:10
  Slime: Lair:5-6       Elf: Orc:2

Altars:
Ashenzari
Cheibriados
Dithmenos
Elyvilon
Fedhas
Gozag
Hepliaklqana
Kikubaaqudgha
Makhleb
Nemelex Xobeh
Okawaru
Qazlal
Ru
Sif Muna
Trog
Uskayaw
Vehumet
Wu Jian
Xom
Yredelemnul
Zin
The Shining One
Beogh

Shops:
D:5 :   D:8 =

Annotations:
D:10 1 runed translucent door
Lair:2 exclusion: 3 oklob plants
Lair:3 exclusion: oklob plant
Lair:5 exclusion: oklob plant
Orc:2 2 transporters, rogsnak's ghost, journeyman DsFE


Innate Abilities, Weirdness & Mutations

You have a pair of horns on your head.
You reflexively headbutt those who attack you in melee.


Message History

Aiming: Thunderbolt
Press: ? - help, Shift-Dir - straight line, f - warg
Aim: a warg The thunderbolt hits the orc high priest!
The orc high priest is moderately wounded.
The thunderbolt hits the warg.
The warg is lightly wounded.
The thunderbolt hits the orc high priest!
The orc high priest is moderately wounded.
The thunderbolt hits the orc priest!
The orc priest is severely wounded.
The thunderbolt hits the orc!
You kill the orc!
You block the orange demon's attack.
The orc priest mumbles some strange prayers to Beogh against you.
Beogh smites you!
The orc high priest calls down the wrath of Beogh upon you.
Beogh smites you!
* * * LOW HITPOINT WARNING * * *
The orc priest hits you but does no damage.
You block the warg's attack.
The orc high priest hits you but does no damage.
The soul eater draws from the surrounding life force!
* * * LOW HITPOINT WARNING * * *
Unknown command.
As you read the scroll of teleportation, it crumbles to dust.
You feel strangely unstable. The orange demon stings you from afar.
* * * LOW HITPOINT WARNING * * *
The warg bites you but does no damage. You block the orc priest's attack.
The orc high priest hits you but does no damage.
The warg bites you but does no damage.
The orc high priest prays to Beogh.
The orc priest looks braver for a moment.
The orc priest begins to cast a cantrip, but forgets the words!
The warg barely misses you.
The soul eater draws from the surrounding life force!
* * * LOW HITPOINT WARNING * * *
The orc priest mumbles some strange prayers to Beogh against you.
Beogh smites you!
You die...

.....................###
......................#
.........##...........#
......#...####.#.#.#.##
......##.## #########
...#...########.########
....#.#.................
.....##.................
....#.#..######.@######
.........# #.)#
....#....# #)h#
.........# #oo#
....#....# #4h#
.#.......# #o4o)o.h..
.#...... .oo3o8).h8.
........ #o##4..).....
........ oo #.........


You could see a soul eater (summoned), 2 orc high priests, an orange demon
(summoned), 2 rust devils, 2 wargs, 4 orc priests and an orc.

Vanquished Creatures
  3 entropy weavers (Lair:3)
  4 boulder beetles
  14 hydras
  5 two-headed ogres (Orc:2)
  An ogre mage (Orc:2)
  A centaur warrior (D:8)
  3 ghost crabs (Lair:3)
  An orc high priest (Orc:2)
  5 fire crabs (Lair:3)
  A goliath frog (Lair:6)
  A lindwurm (Lair:6)
  An orc knight (D:10)
  2 cyclopes
  A manticore (D:8)
  3 centaur zombies
  13 elephants
  3 black mambas
  An apocalypse crab (Lair:3)
  2 gargoyles
  20 cane toads
  A rime drake (Lair:4)
  9 komodo dragons
  A kobold demonologist (D:8)
  A jumping spider (Lair:3)
  A troll (D:10)
  2 polar bears
  3 tyrant leeches (Lair:6)
  2 slime creatures
  23 blink frogs
  A shadow (D:9)
  4 redbacks (Lair:3)
  A wyvern (Lair:6)
  28 yaks
  2 basilisks (Lair:2)
  A steam dragon (D:7)
  4 vampire mosquitoes (Lair:6)
  Menkaure (D:5)
  2 wargs (Orc:2)
  An acid dragon (D:8)
  5 black bears
  15 water moccasins
  3 ice beasts
  A hornet zombie (D:6)
  13 orc warriors
  8 ogres
  23 wolves
  A necrophage (D:6)
  A centaur (D:7)
  2 phantoms
  2 kobold brigands
  Blork the orc (D:6)
  20 bullfrogs
  2 gnoll sergeants (D:8)
  4 scorpions
  2 wyvern zombies
  A water moccasin zombie (D:5)
  A water moccasin skeleton (D:4)
  11 killer bees
  A vampire bat (D:4)
  A wight (D:8)
  An electric eel (Lair:6)
  3 howler monkeys
  2 bullfrog zombies (D:5)
  2 hounds
  9 jellies
  16 orc priests
  2 gnoll shamans
  A centaur skeleton (D:7)
  3 iguanas
  15 orc wizards
  A scorpion zombie (D:5)
  A hound skeleton (D:4)
  A howler monkey zombie (D:9)
  14 gnolls
  A howler monkey skeleton (D:5)
  8 adders
  A shadow imp (D:8)
  2 dart slugs
  66 orcs
  20 endoplasms
  A giant cockroach (D:2)
  5 goblins
  5 hobgoblins
  2 jackals (D:1)
  18 kobolds
  5 quokkas
  8 ball pythons
  14 bats
  A frilled lizard (D:1)
  A kobold zombie (D:10)
  2 rats (D:3)
522 creatures vanquished.

Vanquished Creatures (others)
  An entropy weaver (Lair:3)
  An orc wizard (D:10)
  A bush (Lair:6)
  47 fungi
  114 plants
164 creatures vanquished.

Grand Total: 686 creatures vanquished

Notes
Turn   | Place    | Note
-------+----------+-------------------------------------------
     0 | D:1      | boopmooplesden the Minotaur Fighter began the quest for the
                  | Orb.
     0 | D:1      | Reached XP level 1. HP: 19/19 MP: 0/0
   321 | D:1      | Reached XP level 2. HP: 27/27 MP: 1/1
  1086 | D:2      | Reached XP level 3. HP: 33/33 MP: 2/2
  1212 | D:2      | Reached skill level 4 in Shields
  1714 | D:2      | Reached XP level 4. HP: 18/40 MP: 3/3
  2118 | D:3      | Reached XP level 5. HP: 36/47 MP: 4/4
  2122 | D:3      | Found a bloodstained altar of Trog.
  2333 | D:4      | Noticed a black bear
  2333 | D:4      | Noticed a black bear
  2414 | D:3      | Killed a black bear
  2415 | D:3      | Reached skill level 5 in Axes
  2415 | D:3      | Reached skill level 5 in Armour
  2415 | D:3      | Reached skill level 1 in Dodging
  2415 | D:3      | Reached skill level 5 in Shields
  2415 | D:3      | Reached XP level 6. HP: 5/55 MP: 5/5
  2712 | D:4      | Reached skill level 5 in Fighting
  2734 | D:4      | Found a staircase to the Ecumenical Temple.
  2751 | Temple   | Entered the Ecumenical Temple
  2760 | Temple   | Became a worshipper of Warmaster Okawaru
  3170 | D:4      | Reached XP level 7. HP: 54/61 MP: 6/6
  3348 | D:4      | Identified a scroll of acquirement
  3348 | D:4      | Acquired 1032 gold pieces
  3984 | D:5      | Entered Level 5 of the Dungeon
  4135 | D:5      | Reached * piety under Okawaru
  4419 | D:5      | Reached skill level 6 in Shields
  4473 | D:5      | Found a hazy altar of Hepliaklqana.
  4814 | D:5      | Noticed Menkaure
  4818 | D:5      | Reached XP level 8. HP: 67/70 MP: 7/7
  4826 | D:5      | Killed Menkaure
  5141 | D:5      | Reached ** piety under Okawaru
  5144 | D:5      | Reached skill level 1 in Throwing
  5318 | D:5      | Found Noedify's Book Emporium.
  5462 | D:5      | Found a glowing silver altar of Zin.
  5834 | D:6      | Reached XP level 9. HP: 53/78 MP: 8/8
  5994 | D:6      | Reached skill level 7 in Shields
  6163 | D:6      | Identified the +0 scale mail of the Nine of Wands {rPois
                  | rF- Slay+3 Stlth+}
  6201 | D:6      | Reached *** piety under Okawaru
  6202 | D:6      | Reached skill level 10 in Axes
  6410 | D:6      | Noticed Blork the orc
  6415 | D:6      | Killed Blork the orc
  6926 | D:7      | Found a sacrificial altar of Ru.
  6999 | D:7      | Noticed a gargoyle
  7010 | D:7      | Killed a gargoyle
  7011 | D:7      | Reached skill level 8 in Shields
  7177 | D:7      | Reached **** piety under Okawaru
  7178 | D:7      | Reached XP level 10. HP: 88/88 MP: 9/9
  7719 | D:8      | Found Afith's Jewellery Emporium.
  7726 | D:8      | Bought a ring of poison resistance for 220 gold pieces
  7984 | D:8      | Acquired a +2 pair of boots of stealth
  7991 | D:8      | Acquired the +7 demon trident of Dameis {flame, rF+}
  8436 | D:8      | Reached skill level 1 in Polearms
  8444 | D:8      | Noticed a centaur warrior
  8445 | D:8      | Noticed a boulder beetle
  8445 | D:8      | Noticed a gargoyle
  8445 | D:8      | Noticed a cyclops
  8445 | D:8      | Noticed a manticore
  8465 | D:8      | Reached ***** piety under Okawaru
  8470 | D:8      | Killed a manticore
  8471 | D:8      | Reached skill level 9 in Shields
  8473 | D:8      | Killed a cyclops
  8482 | D:8      | Killed a gargoyle
  8491 | D:8      | Killed a boulder beetle
  8492 | D:8      | Reached skill level 5 in Polearms
  8505 | D:8      | Killed a centaur warrior
  8586 | D:8      | Identified the +4 pair of gloves of Divine Compulsion {rN+}
  8818 | D:8      | Received a gift from Okawaru
  8825 | D:8      | Reached XP level 11. HP: 95/95 MP: 10/10
  9574 | D:10     | Entered Level 10 of the Dungeon
  9646 | D:10     | Found a shimmering blue altar of Sif Muna.
  9699 | D:10     | Reached skill level 10 in Shields
 10255 | D:10     | Found a runed translucent door.
 10263 | D:10     | Found a basalt altar of Yredelemnul.
 10344 | D:10     | Found a radiant altar of Vehumet.
 10421 | D:10     | Noticed an orc knight
 10426 | D:10     | Killed an orc knight
 10474 | D:10     | Found a staircase to the Lair.
 10540 | D:10     | Found a staircase to the Orcish Mines.
 10618 | Lair:1   | Entered Level 1 of the Lair of Beasts
 10621 | Lair:1   | Noticed a four-headed hydra
 10627 | Lair:1   | Reached skill level 1 in Invocations
 10633 | Lair:1   | Killed a four-headed hydra
 11205 | Lair:1   | Noticed a five-headed hydra
 11216 | Lair:1   | Killed a five-headed hydra
 11217 | Lair:1   | Reached skill level 11 in Shields
 11464 | Lair:1   | Reached skill level 10 in Armour
 11539 | Lair:1   | Reached skill level 10 in Polearms
 11547 | Lair:1   | Reached XP level 12. HP: 74/106 MP: 11/11
 11550 | Lair:1   | Reached ****** piety under Okawaru
 11811 | Lair:1   | Found an opulent altar of Gozag.
 12315 | Lair:2   | Identified the +1 war axe "Transmigrator" {venom, Fly}
                  | (Okawaru gifted it to you on level 2 of the Lair of Beasts)
 12315 | Lair:2   | Received a gift from Okawaru
 12316 | Lair:2   | Reached skill level 10 in Fighting
 12410 | Lair:2   | Found a staircase to the Shoals.
 12504 | Lair:2   | Noticed a four-headed hydra
 12524 | Lair:2   | Killed a four-headed hydra
 12857 | Lair:2   | Found the +2 robe of Vines {NoPotionHeal Regen+++}
 13080 | Lair:2   | Reached skill level 12 in Shields
 13108 | Lair:2   | Identified the +0 robe "Etoyrhoipn" {Str+4} (Okawaru gifted
                  | it to you on level 2 of the Lair of Beasts)
 13108 | Lair:2   | Received a gift from Okawaru
 13254 | Lair:2   | Noticed a boulder beetle
 13267 | Lair:2   | Killed a boulder beetle
 13373 | Lair:2   | Noticed a five-headed hydra
 13382 | Lair:2   | Killed a five-headed hydra
 13676 | Lair:2   | Noticed a four-headed hydra
 13686 | Lair:2   | Killed a four-headed hydra
 14256 | Lair:3   | Noticed an eight-headed hydra
 14263 | Lair:3   | Killed an eight-headed hydra
 14264 | Lair:3   | Reached XP level 13. HP: 116/116 MP: 9/12
 14642 | Lair:3   | Found a hole to the Spider Nest.
 14948 | Lair:3   | Found a runed translucent door.
 14968 | Lair:3   | Noticed an entropy weaver
 14983 | Lair:3   | Killed an entropy weaver
 15010 | Lair:3   | Noticed an entropy weaver
 15017 | Lair:3   | Killed an entropy weaver
 15035 | Lair:3   | Noticed an entropy weaver
 15042 | Lair:3   | Killed an entropy weaver
 15042 | Lair:3   | Received a gift from Okawaru
 15061 | Lair:3   | Noticed an entropy weaver
 15069 | Lair:3   | Killed an entropy weaver
 15070 | Lair:3   | Reached skill level 13 in Shields
 16243 | Lair:4   | Received a gift from Okawaru
 17945 | Lair:6   | Entered Level 6 of the Lair of Beasts
 17977 | Lair:6   | Reached XP level 14. HP: 111/126 MP: 14/14
 18388 | Lair:6   | Received a gift from Okawaru
 18439 | Lair:6   | Reached skill level 14 in Shields
 19412 | Lair:6   | Received a gift from Okawaru
 19624 | Lair:6   | Got Sif Muna's Volume of Enchanting Fire
 19801 | Orc:1    | Entered Level 1 of the Orcish Mines
 20040 | Orc:2    | Entered Level 2 of the Orcish Mines
 20435 | Orc:2    | Found a transporter.
 20483 | Orc:2    | Found a bloodstained altar of Trog.
 20493 | Orc:2    | Found a transporter.
 20494 | Orc:2    | Noticed rogsnak's ghost (journeyman DsFE)
 20598 | Orc:2    | Reached skill level 15 in Shields
 20602 | Orc:2    | Killed from afar by an orc priest

Illustrated notes

Levels and vault maps discovered:
D:1:      sevenhm_arrival_forest_fort_small_4, layout_loops_cross,
          serial_rivers, chequers_serial_rivers_micro_c,
          chequers_serial_rivers_micro_d, chequers_serial_rivers_large_a,
          chequers_serial_rivers_marsh, chequers_serial_rivers_small_b,
          chequers_serial_rivers_micro_a
D:2:      layout_loops_cross, minmay_pentomino_z4
D:3:      layout_basic, lemuel_doored_altar, hellmonk_ecumenical_altar_blasted
D:4:      layout_loops_ring, minmay_temple_entry_slanted, roderic_batcave,
          minmay_joined_circles
D:5:      layout_basic, zin_scriptorium, nicolae_hepliaklqana_hippocampus,
          serial_shops, nicolae_take_the_stairs, uniq_menkaure
D:6:      layout_loops_ring, uniq_blork_the_orc
D:7:      layout_rooms, nicolae_ru_path_of_blood, grunt_decor_fettered
D:8:      minmay_the_grid_triangle_9x9_recursive_2
          [minmay_the_grid_triangle_9x9_prize_insulated,
          minmay_the_grid_triangle_9x9_thin_v,
          minmay_the_grid_triangle_9x9_corrupted_corridor,
          minmay_the_grid_triangle_9x9_sprig], layout_basic, serial_shops,
          nicolae_diamond_shop
D:9:      layout_long_grid
D:10:     layout_basic, nicolae_vehumet_radiance, mainiacjoe_overflow_chevrons,
          dk_yredelemnul_ordeal, lair_entry_dummy, david_orc_4, minivault_20
Temple:   nicolae_temple_no_exploring_needed
Lair:1:   layout_regular_city, basic_altar, nzn_random_ring
Lair:2:   layout_gridlike, shoals_dummy_entry, hellmonk_guarded_unrand_vines,
          minmay_lair_oklob_chamber, infiniplex_staircase_pool_2,
          grunt_megastairs_5
Lair:3:   gammafunk_mikee_crab_dinner, layout_cellular_growth,
          spider_nest_entry_funnel_web
Lair:4:   lemuel_slime, layout_layer_cave, grunt_megastairs_2
Lair:5:   layout_gridlike, minmay_slime_entry_oklob_enclosed,
          minmay_lindwurm_lava
Lair:6:   minmay_lair_end_frog_pond, layout_loops_ring
Orc:1:    layout_diamond_mine, basic_altar, nicolae_orc_crystal_geode
Orc:2:    st_orc_town, layout_caves, gammafunk_ghost_wrathful_warriors,
          serial_shops, nicolae_shop_stone

Skill      XL: |  1  2  3  4  5  6  7  8  9 10 11 12 13 14 |
---------------+-------------------------------------------+-----
Axes           | 3 4 5 7 9 11 12 | 12.1
Armour         | 4 5 6 8 10 11 12 13 | 13.9
Fighting       | 4 5 6 8 9 11 12 13 | 13.4
Shields        | 4 5 6 8 9 11 12 13 15 | 15.0
Dodging        | 1 2 |  2.1
Throwing       | 1 2 |  2.6
Polearms       | 6 10 12 14 | 14.8
Invocations    | 1 2 |  2.0
Stealth        | |  0.8
Evocations     | |  0.5

Action                   |  1- 3 |  4- 6 |  7- 9 | 10-12 | 13-15 || total
-------------------------+-------+-------+-------+-------+-------++-------
Melee: War axe           |   110 |    99 |   270 |    52 |       ||   531
       Headbutt          |    17 |    15 |    65 |   112 |   145 ||   354
       Demon trident     |       |       |       |   477 |   630 ||  1107
Throw: Javelin           |       |     5 |     7 |    10 |     5 ||    27
Invok: Heroism           |       |       |     1 |     4 |     8 ||    13
Evoke: Lightning rod     |       |       |       |     1 |     6 ||     7
  Use: Potion            |       |     2 |       |       |       ||     2
       Scroll            |       |       |    12 |     4 |     2 ||    18
Armor: Scale mail        |    61 |    70 |       |       |       ||   131
       Chain mail        |       |    13 |     1 |       |       ||    14
       Crystal plate arm |       |       |   196 |   406 |   464 ||  1066
Dodge: Dodged            |    31 |    35 |    34 |   101 |   134 ||   335
Block: Kite shield       |    72 |    70 |   144 |   399 |   469 ||  1154
